 Dungeon Crawl Stone Soup version 0.29.0-11-gd7f09526c8 (webtiles) character file.

Game seed: 15366313214343707404

7330 blackman the Basher (level 10, -7/87 HPs)
             Began as a Demonspawn Fighter on Sept 6, 2022.
             Was an Initiate of Gozag.
             Mangled by a raiju (9 damage)
             ... on level 1 of the Abyss.
             The game lasted 00:27:29 (13321 turns).

blackman the Basher (Demonspawn Fighter)           Turns: 13321, Time: 00:27:30

Health: -7/87      AC:  9    Str: 22    XL:     10   Next: 90%
Magic:  10/10      EV: 15    Int:  9    God:    Gozag
Gold:   227        SH:  9    Dex: 12    Spells: 9/9 levels left

rFire   + . .      SeeInvis .   a - +0 flail (elec)
rCold   + . .      Faith    .   c - +0 buckler
rNeg    + . .      Spirit   .   q - +2 ring mail {rF+}
rPois   .          Reflect  .   (helmet unavailable)
rElec   .          Harm     .   h - +0 cloak
rCorr   .          Rampage  .   (no gloves)
Will    .....                   r - +0 pair of boots
Stlth   +.........              (no amulet)
HPRegen 0.24/turn               F - ring of positive energy
MPRegen 0.12/turn               H - ring of protection from cold

@: agile, about to teleport
A: horns 3, large bone plates 1, powered by pain 1, demonic magic 2
a: Renounce Religion, Potion Petition, Call Merchant, Bribe Branch


You were on level 1 of the Abyss.
You worshipped Gozag.
Gozag was aware of your devotion.
You visited 1 branch of the dungeon, and saw 10 of its levels.
You visited the Abyss 1 time.

You collected 1383 gold pieces.
You paid 1156 gold pieces to Gozag.

Inventory:

Hand Weapons
 a - a +0 flail of electrocution (weapon)
Missiles
 j - 22 poisoned darts (quivered)
 x - a curare-tipped dart
 y - a throwing net
Armour
 c - a +0 buckler (worn)
 h - a +0 cloak (worn)
 q - a +2 ring mail of fire resistance (worn)
 r - a +0 pair of boots (worn)
Jewellery
 B - a ring of ice
 F - a ring of positive energy (left hand)
 H - a ring of protection from cold (right hand)
Wands
 d - a wand of digging (10)
 i - a wand of flame (20)
Scrolls
 g - 3 scrolls of enchant weapon {unknown}
 l - 2 scrolls of noise {unknown}
 n - 5 scrolls of poison
 o - a scroll of amnesia
 p - a scroll of immolation
 v - 2 scrolls of teleportation
 w - a scroll of vulnerability {unknown}
 E - a scroll of fear
Potions
 b - 3 potions of degeneration
 f - 2 potions of resistance {unknown}
 k - 2 potions of flight {unknown}
 m - 2 potions of curing
 t - a potion of heal wounds {unknown}
 u - 3 potions of mutation {unknown}
 z - 2 potions of haste {unknown}
 A - a potion of ambrosia {unknown}
 C - 2 potions of berserk rage {unknown}
 D - a potion of attraction {unknown}
 G - a potion of magic {unknown}


   Skills:
 * Level 11.0 Fighting
 - Level 11.0 Maces & Flails
 - Level 2.6 Armour
 - Level 6.0 Shields


You had 9 spell levels left.
You didn't know any spells.
Your spell library contained the following spells:

 Spells                   Type           Power      Damage    Failure   Level
 Apportation              Tloc           0%         N/A       63%         1
 Necrotise                Necr           0%         1d4       63%         1
 Summon Small Mammal      Summ           0%         N/A       63%         1
 Dazzling Flash           Conj/Hex       0%         N/A       94%         3
 Airstrike                Air            0%         2d(0-16)  100%        4
 Hailstorm                Conj/Ice       0%         3d3       100%        4
 Ice Form                 Ice/Tmut       0%         N/A       100%        4
 Iskenderun's Mystic Bla  Conj/Tloc      0%         2d3       100%        4
 Summon Lightning Spire   Summ/Air       0%         N/A       100%        4
 Lightning Bolt           Conj/Air       0%         1d11      100%        5
 Starburst                Conj/Fire      0%         6d3       100%        6
 Simulacrum               Ice/Necr       Unusable   N/A       N/A         6

Dungeon Overview and Level Annotations

Branches:
Dungeon (10/15)              Lair (0/5) D:8
 Temple: D:4-7          Orc: D:9-12

Altars:
Ashenzari
Fedhas
Gozag
Hepliaklqana
Kikubaaqudgha
Makhleb
Nemelex Xobeh
Ru
Sif Muna
Trog
Uskayaw
Vehumet

Shops:
D:1 =   D:2 (

Annotations:
D:10 Psyche


Innate Abilities, Weirdness & Mutations

You have a pair of large horns on your head.
You are partially covered in large bone plates. (SH +4)
You sometimes gain a little power by taking damage.
Spells you cast may paralyse nearby enemies.


Message History

The raiju attacks as you move away! The raiju closely misses you.
A raiju comes into view.
The raiju barks!
You closely miss the raiju.
The raiju is moderately wounded.
The raiju bites you but does no damage.
You hit the raiju but do no damage.
The raiju is moderately wounded.
The raiju misses you.
You completely miss the raiju.
You headbutt the raiju, but do no damage.
The raiju is moderately wounded.
The raiju bursts into living lightning!
The living lightning hits you!!
The raiju blinks!
You block the raiju's attack.
You barely miss the raiju.
The raiju is moderately wounded.
The raiju bursts into living lightning!
The living lightning hits you!
The raiju blinks!
You block the raiju's attack.
You closely miss the raiju. The raiju bites you but does no damage.
You block the raiju's attack.
You closely miss the raiju. Your headbutt misses the raiju.
The raiju is moderately wounded.
The raiju bites you. The raiju shocks you! You block the raiju's attack.
You barely miss the raiju.
The raiju is moderately wounded.
The raiju bites you but does no damage. You block the raiju's attack.
As you read the scroll of teleportation, it crumbles to dust.
You feel strangely unstable.
You feel the power of the Abyss delaying your translocation!
The raiju bursts into living lightning!
The living lightning hits you!
* * * LOW HITPOINT WARNING * * *
The raiju blinks!
The raiju bites you but does no damage. The raiju attacks as you move away!
You block the raiju's attack. The raiju attacks as you move away!
The raiju closely misses you. The raiju bites you!
* * * LOW HITPOINT WARNING * * *
The raiju shocks you!
You die...
Your body crumbles into a pile of gold.

#.#. # .... .# .#.
#.... ..# ## #..
#.#.#.#.#.. ...##..
##..#....### ...#.
##....####.. ...##
#.#..## . #
#.h##...# .# ##
#.##.##. .# .
#..@#h....# .#
#...#.h##....#.#
#.... ....#.#... .
###.....######.#..#
#....## ..... ##...
.#. . #..#. ..
.....


You could see 2 raiju.

Vanquished Creatures
  Pikel (D:5)
  2 kobold demonologists (D:10)
  2 trolls
  Sigmund (D:2)
  11 yaks
  A wraith (D:9)
  2 steam dragons
  Menkaure (D:7)
  A large abomination (Abyss:1)
  3 water moccasins
  An orc warrior (D:8)
  An ice beast (D:5)
  2 ogres
  2 black bears
  A phantom (D:4)
  3 kobold brigands
  2 bullfrogs
  2 necrophages
  3 scorpions (D:7)
  7 wights
  9 killer bees (D:9)
  A jelly (D:5)
  5 hounds
  3 orc priests
  5 iguanas
  Ijyb (D:4)
  6 orc wizards
  Robin (D:3)
  5 gnolls
  2 adders (D:5)
  A shadow imp (D:6)
  2 white imps (D:8)
  An ufetubus (D:4)
  14 orcs
  9 ball pythons
  6 bats
  5 endoplasms
  4 giant cockroaches
  8 hobgoblins
  8 jackals
  8 quokkas
  A frilled lizard (D:1)
  16 goblins
  19 kobolds
  4 rats
193 creatures vanquished.

Vanquished Creatures (collateral kills)
  Urug (D:10)
1 creature vanquished.

Vanquished Creatures (others)
  2 fungi (D:7)
  4 plants (D:7)
6 creatures vanquished.

Grand Total: 200 creatures vanquished

Notes
Turn   | Place    | Note
-------+----------+-------------------------------------------
     0 | D:1      | blackman the Demonspawn Fighter began the quest for the
                  | Orb.
     0 | D:1      | Reached XP level 1. HP: 18/18 MP: 1/1
   229 | D:1      | Gained mutation: You are partially covered in large bone
                  | plates. (SH +4) [demonic ancestry]
   229 | D:1      | Reached XP level 2. HP: 21/24 MP: 2/2
   612 | D:1      | Found Rizxepp's One-of-a-Kind Rings.
   803 | D:1      | Found a faded altar of an unknown god.
  1124 | D:2      | Found Decoicuh's Antique Weapon Emporium.
  1174 | D:2      | Gained mutation: Spells you cast may paralyse adjacent
                  | enemies. [demonic ancestry]
  1174 | D:2      | Reached XP level 3. HP: 22/29 MP: 3/3
  1334 | D:2      | Found an ancient bone altar of Kikubaaqudgha.
  1337 | D:2      | Noticed Sigmund
  1352 | D:2      | Killed Sigmund
  1353 | D:2      | Reached skill level 5 in Maces & Flails
  1353 | D:2      | Reached XP level 4. HP: 16/35 MP: 4/4
  1353 | D:2      | Gained mutation: You have a pair of small horns on your
                  | head. [demonic ancestry]
  1353 | D:2      | Reached XP level 5. HP: 19/41 MP: 5/5
  2623 | D:3      | Noticed Robin
  2627 | D:3      | Killed Robin
  2898 | D:3      | Gained mutation: You have a pair of horns on your head.
                  | [demonic ancestry]
  2898 | D:3      | Reached XP level 6. HP: 45/47 MP: 6/6
  3632 | D:4      | Noticed Ijyb
  3645 | D:4      | Killed Ijyb
  3683 | D:4      | Gained mutation: You sometimes gain a little power by
                  | taking damage. [demonic ancestry]
  3683 | D:4      | Reached XP level 7. HP: 47/52 MP: 7/7
  3906 | D:4      | Found a faded altar of an unknown god.
  3908 | D:4      | Found a hazy altar of Hepliaklqana.
  4029 | D:5      | Entered Level 5 of the Dungeon
  4029 | D:5      | Noticed a troll
  4033 | D:5      | Found an opulent altar of Gozag.
  4046 | D:4      | Killed a troll
  4505 | D:5      | Became a worshipper of Gozag Ym Sagoz the Greedy
  4520 | D:5      | Reached XP level 8. HP: 51/58 MP: 8/8
  5305 | D:5      | Noticed Pikel
  5334 | D:5      | Killed Pikel
  5335 | D:5      | Reached skill level 10 in Maces & Flails
  5772 | D:5      | Found a bloodstained altar of Trog.
  5777 | D:5      | Found a sparkling altar of Nemelex Xobeh.
  5884 | D:6      | Found a burning altar of Makhleb.
  5961 | D:6      | Gained mutation: You have a pair of large horns on your
                  | head. [demonic ancestry]
  5961 | D:6      | Reached XP level 9. HP: 36/63 MP: 9/9
  6873 | D:7      | Noticed Menkaure
  6887 | D:7      | Killed Menkaure
  7071 | D:7      | Found a broken altar of Ashenzari.
  7416 | D:7      | Found a sacrificial altar of Ru.
  7589 | D:7      | Reached skill level 5 in Fighting
  8160 | D:7      | Reached skill level 5 in Shields
  9166 | D:8      | Found a staircase to the Lair.
  9190 | D:8      | Gained mutation: Spells you cast may paralyse nearby
                  | enemies. [demonic ancestry]
  9190 | D:8      | Reached XP level 10. HP: 58/77 MP: 10/10
  9603 | D:8      | Found a shimmering blue altar of Sif Muna.
  9620 | D:8      | Found an ancient bone altar of Kikubaaqudgha.
  9633 | D:8      | Found a radiant altar of Vehumet.
 12041 | D:9      | Found a blossoming altar of Fedhas.
 12688 | D:10     | Entered Level 10 of the Dungeon
 12700 | D:10     | Noticed Urug
 12717 | D:10     | Killed Urug
 12718 | D:10     | Reached skill level 10 in Fighting
 13124 | D:10     | Found a hide-covered altar of Uskayaw.
 13125 | D:10     | Noticed Psyche
 13146 | Abyss:1  | Cast into level 1 of the Abyss (Psyche)
 13267 | Abyss:1  | Noticed a large abomination
 13321 | Abyss:1  | HP: 2/87 [raiju (9)]
 13321 | Abyss:1  | Mangled by a raiju

Illustrated notes

Levels and vault maps discovered:
D:1:      psy_arrival_basics, layout_loops_cross,
          shapermc_ecumenical_altar_mp_ritualfount, minmay_misc_feat_cross,
          nicolae_shop_unique_rings
D:2:      layout_loops_ring, serial_shops, shop, basic_altar, minivault_11,
          grunt_ministairs_10, hangedman_decor_peaks_small, uniq_sigmund
D:3:      layout_basic, uniq_robin
D:4:      layout_basic, beargit_hepliaklqana_dungeon_heroes,
          cheibrodos_gnoll_hut, uniq_ijyb
D:5:      layout_rooms, overflow_temple_1_default, minitemple,
          minmay_temple_entry_from_below_a, serial_glass, glass_columns_c,
          glass_columns_b, glass_columns_a, glass_columns_b, glass_columns_c,
          glass_columns_b, glass_columns_a, glass_columns_a,
          kennysheep_small_circle, uniq_pikel
D:6:      layout_basic, bloody_makhleb
D:7:      layout_cave_pods, nicolae_ru_the_path_less_chosen,
          mainiacjoe_overflow_swirl, uniq_menkaure
D:8:      layout_loops_corners, palyth_temple_overflow_mages, dpeg_oklobed_lair
D:9:      layout_loops_corners, mainiacjoe_overflow_alcove_1,
          chequers_serial_rivers_room_b, grunt_decor_resistance
D:10:     layout_loops_cross, nicolae_uskayaw_murder_on_the_dancefloor,
          enter_bailey_3, uniq_urug, uniq_psyche, uniq_maggie, uniq_maurice
Abyss:1:  base:
D:7

Skill      XL: |  1  2  3  4  5  6  7  8  9 10 |
---------------+-------------------------------+-----
Maces & Flails | 2 3 5 7 8 11 | 11.0
Shields        | 6 |  6.0
Fighting       | 6 11 | 11.0
Armour         | |  2.6

Action                   |  1- 3 |  4- 6 |  7- 9 | 10-12 || total
-------------------------+-------+-------+-------+-------++-------
Melee: Flail             |    80 |   168 |   228 |   210 ||   686
       Headbutt          |       |    20 |    37 |    41 ||    98
Throw: Dart              |     3 |     1 |    40 |    19 ||    63
       Throwing net      |       |     1 |     3 |     1 ||     5
Invok: Potion Petition   |       |       |     1 |     1 ||     2
Evoke: Wand              |       |       |     3 |       ||     3
  Use: Potion            |     1 |       |     2 |     1 ||     4
       Scroll            |       |       |       |    15 ||    15
 Stab: Held in net/web   |       |     1 |       |       ||     1
       Invisible         |       |       |     5 |       ||     5
Armor: Scale mail        |    26 |    38 |       |       ||    64
       Ring mail         |       |    29 |    77 |    52 ||   158
Dodge: Dodged            |    27 |    65 |    93 |    68 ||   253
Block: Buckler           |    33 |    74 |    85 |    79 ||   271
